 Dungeon Crawl Stone Soup version 0.30-a0-6-g7c9e10e132 (webtiles) character file.

Game seed: 1921335038381625341

4116 Setbun the Thaumaturge (level 10, -4/62 HPs)
             Began as a Djinni Fire Elementalist on Aug 22, 2022.
             Was an Initiate of Okawaru.
             Killed from afar by an electric eel (10 damage)
             ... with a bolt of electricity
             ... on level 8 of the Dungeon.
             The game lasted 00:21:17 (11913 turns).

Setbun the Thaumaturge (Djinni Fire Elementalist)  Turns: 11913, Time: 00:21:18

Health: -4/62      AC: 12    Str:  7    XL:     10   Next: 51%
Gold:   461        EV: 17    Int: 21    God:    Okawaru [......] SH:  0 Dex: 14

rFire   x . .      SeeInvis .    (no weapon)
rCold   x x .      Faith    .    (no shield)
rNeg    . . .      Spirit   .    a - +0 robe
rPois   ∞          Reflect  .    (no helmet)
rElec   .          Harm     .    (no cloak)
rCorr   .          Rampage  .    q - +1 pair of gloves
Will    +....                    (boots unavailable)
Stlth   ++........               E - amulet of Elemental Vulnerability {rPois rF-- rC-- AC+8}
HPRegen 0.20/turn                p - ring of ice
MPRegen 0.00/turn                x - +4 ring of evasion

@: flying
A: sickness immunity, fire resistance 2, cold vulnerability 1, float, innate
caster, HP casting, extra vitality 1
a: Renounce Religion


You were on level 8 of the Dungeon.
You worshipped Okawaru.
Okawaru was noncommittal.
You visited 2 branches of the dungeon, and saw 9 of its levels.
You also visited: Ossuary.

You collected 461 gold pieces.

Inventory:

Missiles
 b - 3 throwing nets
Armour
 a - a +0 robe (worn)
 q - a +1 pair of gloves (worn)
Jewellery
 d - an amulet of the acrobat
 p - a ring of ice (left hand)
 x - a +4 ring of evasion (right hand)
 E - the amulet of Elemental Vulnerability (around neck) {rPois rF-- rC-- AC+8}
   (You took it off an orc warrior on level 7 of the Dungeon)

   [amulet of nothing]

   AC:        It affects your AC (+8).
   rF:        It makes you very vulnerable to fire.
   rC:        It makes you very vulnerable to cold.
   rPois:     It protects you from poison.
Wands
 g - a wand of roots (10)
 k - a wand of charming (10)
Scrolls
 j - 2 scrolls of magic mapping
 l - a scroll of noise
 m - a scroll of amnesia
 n - 3 scrolls of enchant weapon
 r - 4 scrolls of teleportation
 v - 2 scrolls of blinking
 y - 2 scrolls of fear
 B - 2 scrolls of identify
Potions
 c - a potion of cancellation
 e - a potion of brilliance
 f - 4 potions of heal wounds
 h - 2 potions of invisibility
 i - 3 potions of curing
 o - 2 potions of might
 s - 2 potions of attraction
 t - a potion of ambrosia
 u - 3 potions of mutation
 w - a potion of magic
 z - 2 potions of degeneration {unknown}
 A - a potion of lignification
 C - a potion of berserk rage


   Skills:
 + Level 1.3 Fighting
 + Level 3.3 Dodging
 + Level 3.3 Stealth
 + Level 0.4 Unarmed Combat
 + Level 11.0 Spellcasting


You had 8 spell levels left.
You knew the following spells:

 Your Spells              Type           Power      Damage    Failure   Level
a - Foxfire               Conj/Fire      100%       2x1d9     1%          1
b - Scorch                Fire           100%       2d10      1%          2
c - Conjure Flame         Conj/Fire      55%        6-21      1%          3
d - Inner Flame           Hex/Fire       55%        N/A       1%          3
e - Flame Wave            Conj/Fire      55%        2d13      1%          4
f - Freeze                Ice            100%       1d11      1%          1
g - Searing Ray           Conj           100%       2d8       1%          2
h - Swiftness             Air            55%        N/A       1%          3
i - Leda's Liquefaction   Hex/Erth       27%        N/A       1%          4
Your spell library was empty.

Dungeon Overview and Level Annotations

Branches:
Dungeon (8/15)             Temple (1/1) D:7         Ossuary (visited)
   Lair: D:8-11

Altars:
Cheibriados
Elyvilon
Fedhas
Gozag
Makhleb
Nemelex Xobeh
Okawaru
Qazlal
Ru
Trog
Uskayaw
Wu Jian
Xom
Yredelemnul
The Shining One

Annotations:
D:8 1 runed translucent door


Innate Abilities, Weirdness & Mutations

You are immune to sickness and miasma.
You are immune to poison.
Your flesh is very heat resistant. (rF++)
You are vulnerable to cold. (rC-)
You float through the air rather than walking.
You learn spells naturally, not from books.
Your magical power is your life essence.
You have superior vitality. (+4 MHP)


Message History

You conjure some foxfire!
The foxfire hits the killer bee but does no damage.
The killer bee is almost dead.
The foxfire hits the killer bee but does no damage.
The killer bee is almost dead.
The killer bee barely misses you.
The killer bee stings you but does no damage. x2
The killer bee completely misses you.
Casting: Foxfire (safe; 1% risk of failure)
Press: ? - help, Q - select action, (/) - cycle Dir - look around, f - activate You conjure some foxfire!
The foxfire hits the killer bee but does no damage.
The killer bee is severely wounded.
The foxfire hits the killer bee!
You kill the killer bee!
Okawaru accepts your kill.
The killer bee stings you but does no damage. x2
The foxfire hits the killer bee but does no damage.
The killer bee is severely wounded.
The foxfire hits the killer bee.
The killer bee is almost dead.
The killer bee stings you.
* * * LOW HITPOINT WARNING * * *
Casting: Foxfire (safe; 1% risk of failure)
Press: ? - help, Q - select action, (/) - cycle Dir - look around, f - activate You conjure some foxfire!
* * * LOW HITPOINT WARNING * * *
The killer bee misses you.
The electric eel shoots out a bolt of lightning at you!
The bolt of electricity hits you!
* * * LOW HITPOINT WARNING * * *
The bolt of electricity hits your foxfire!
The killer bee stings you but does no damage.
Your foxfire dissipates!
The foxfire hits the killer bee!
You kill the killer bee!
Okawaru accepts your kill.
The electric eel shoots out a bolt of lightning at you!
The bolt of electricity hits you!
You die...

#..##... .§#§
#.....# ...#§
.##.....# #.$.§§
#.......# ##...§#
#......###.....#
##...........#
##............#
#......§......##
#.......@.†.....#
..#.............#
#..#...............
##..#........#S##..
##........~##≈≈# #
##.......#≈ ≈≈≈
##..##.~#≈≈ #≈# #..
..~≈#≈≈ ≈≈


You could see an electric eel.

Vanquished Creatures
  Pikel (D:7)
  A manticore (D:7)
  A wyvern (D:7)
  An ice beast (D:7)
  A black bear (D:5)
  2 orc warriors
  A sky beast (D:6)
  An ogre (D:5)
  2 centaurs
  3 elf zombies
  A kobold brigand (D:6)
  A phantom (D:5)
  A bullfrog (D:8)
  A necrophage (D:5)
  4 scorpions
  9 wights (D:7)
  4 killer bees (D:8)
  A hound (D:6)
  2 gnoll boudas
  4 orc priests
  2 human zombies
  3 jellies
  2 human skeletons (D:4)
  Natasha (thrice) (D:2)
  4 iguanas
  5 orc wizards
  3 hound zombies (Ossuary)
  3 mummies (Ossuary)
  10 gnolls
  7 adders
  2 shadow imps
  A white imp (D:6)
  An adder zombie (Ossuary)
  2 worms
  2 dart slugs
  22 orcs
  8 endoplasms
  7 giant cockroaches
  A gnoll zombie (Ossuary)
  3 goblins
  9 hobgoblins
  7 jackals
  5 quokkas
  4 ball pythons
  7 bats
  A frilled lizard (D:1)
  3 goblin zombies (Ossuary)
  4 hobgoblin zombies (Ossuary)
  7 jackal zombies (Ossuary)
  16 kobolds
  3 kobold zombies (Ossuary)
  2 orc skeletons (D:4)
  2 orc zombies (Ossuary)
  5 quokka zombies (Ossuary)
  4 rats
  2 rat zombies (Ossuary)
214 creatures vanquished.

Vanquished Creatures (others)
  158 foxfires
158 creatures vanquished.

Grand Total: 372 creatures vanquished

Notes
Turn   | Place    | Note
-------+----------+-------------------------------------------
     0 | D:1      | Setbun the Djinni Fire Elementalist began the quest for the
                  | Orb.
     0 | D:1      | Setbun set off with the following spells memorised:
                  | Foxfire, Scorch, Conjure Flame, Inner Flame, Flame Wave.
     0 | D:1      | Reached XP level 1. HP: 15/15 MP: 0/0
   293 | D:1      | Reached XP level 2. HP: 13/21 MP: 0/0
  1572 | D:1      | Reached XP level 3. HP: 23/25 MP: 0/0
  1572 | D:1      | Learned a level 1 spell: Freeze
  1777 | D:1      | Reached skill level 3 in Spellcasting
  2607 | D:2      | Noticed Natasha
  2612 | D:2      | Killed Natasha
  2613 | D:2      | Reached XP level 4. HP: 25/31 MP: 0/0
  2931 | D:2      | Noticed Natasha
  2936 | D:2      | Killed Natasha
  3123 | D:2      | Noticed Natasha
  3128 | D:2      | Killed Natasha
  3129 | D:2      | Reached XP level 5. HP: 28/35 MP: 0/0
  3129 | D:2      | Learned a level 2 spell: Searing Ray
  3417 | D:3      | Reached skill level 4 in Spellcasting
  3689 | D:3      | Reached XP level 6. HP: 39/41 MP: 0/0
  4243 | D:3      | Found a faded altar of an unknown god.
  4296 | D:3      | Found a burning altar of Makhleb.
  4479 | D:3      | Found a blossoming altar of Fedhas.
  4847 | D:4      | Found a sand-covered staircase.
  4944 | Ossuary  | Entered an ossuary
  5102 | Ossuary  | Reached skill level 5 in Spellcasting
  5102 | Ossuary  | Reached XP level 7. HP: 1/46 MP: 0/0
  5102 | Ossuary  | Learned a level 3 spell: Swiftness
  5141 | Ossuary  | HP: 1/46 [hobgoblin zombie (1)]
  7103 | D:4      | Reached skill level 6 in Spellcasting
  7204 | D:4      | Found an ornate altar of the Wu Jian Council.
  7388 | D:4      | Reached XP level 8. HP: 43/51 MP: 0/0
  7485 | D:5      | Entered Level 5 of the Dungeon
  7699 | D:5      | Reached skill level 7 in Spellcasting
  8218 | D:5      | Reached skill level 1 in Fighting
  8514 | D:5      | Reached XP level 9. HP: 55/57 MP: 0/0
  8514 | D:5      | Learned a level 4 spell: Leda's Liquefaction
  8659 | D:5      | Reached skill level 8 in Spellcasting
  9408 | D:6      | Identified the +1 scale mail of Supple Strength {-Tele
                  | rCorr Str+4 Stlth-}
  9566 | D:7      | Reached skill level 9 in Spellcasting
 10300 | D:7      | You are sucked into a shaft and drop 1 floor!
 10386 | D:7      | Noticed Pikel
 10403 | D:7      | Killed Pikel
 10404 | D:7      | Reached skill level 10 in Spellcasting
 10404 | D:7      | Reached XP level 10. HP: 37/62 MP: 0/0
 10716 | D:7      | Found a staircase to the Ecumenical Temple.
 10948 | D:7      | Noticed a manticore
 10952 | D:7      | Killed a manticore
 11166 | Temple   | Entered the Ecumenical Temple
 11277 | Temple   | Became a worshipper of Warmaster Okawaru
 11690 | D:8      | Found a runed translucent gate.
 11908 | D:8      | Reached skill level 11 in Spellcasting
 11913 | D:8      | Killed from afar by an electric eel

Illustrated notes

Levels and vault maps discovered:
D:1:      dpeg_arrival_simpleton_b, layout_basic, solitary_fountain,
          hangedman_glass_garden
D:2:      layout_loops_ring, uniq_natasha
D:3:      layout_basic, grunt_temple_overflow_growth_and_decay,
          lemuel_tele_altar, ebering_ecumenical_altar_webs, minmay_surrounded
D:4:      layout_basic, nzn_wu_jian_council_hall,
          nicolae_ossuary_entry_catacombs
D:5:      layout_loops_cross, minmay_misc_feat_five, kennysheep_crisscross,
          moated_statue, chequers_serial_rivers_room_b
D:6:      layout_cave_pools, lemuel_crystal_altar
D:7:      layout_loops_corners, minmay_temple_entry_tees, uniq_pikel
D:8:      layout_layer_cave, grunt_dithmenos_smoke_and_mirrors,
          gammafunk_ghost_icy, minivault_4
Temple:   cyrus_circular_temple

Skill      XL: |  1  2  3  4  5  6  7  8  9 10 |
---------------+-------------------------------+-----
Spellcasting   | 3 4 5 6 7 10 11 | 11.0
Stealth        | 2 3 |  3.3
Dodging        | 3 |  3.3
Fighting       | 1 |  1.3
Unarmed Combat | |  0.4

Action                   |  1- 3 |  4- 6 |  7- 9 | 10-12 || total
-------------------------+-------+-------+-------+-------++-------
Melee: Unarmed           |    17 |       |     1 |       ||    18
 Cast: Foxfire           |    60 |     6 |    22 |    25 ||   113
       Scorch            |    14 |    71 |   154 |    40 ||   279
       Freeze            |       |     6 |     1 |       ||     7
       Flame Wave        |       |     2 |     1 |       ||     3
       Searing Ray       |       |       |     6 |       ||     6
       Inner Flame       |       |       |     7 |       ||     7
       Conjure Flame     |       |       |     9 |       ||     9
  Use: Scroll            |       |     4 |     8 |    12 ||    24
       Potion            |       |     4 |       |       ||     4
Armor: Robe              |     5 |    13 |     6 |    24 ||    48
Dodge: Dodged            |    11 |    28 |    32 |    63 ||   134

Table legend: (Time is in decaauts)
 A = Elapsed time spent in this place.
 B = Non-inter-level travel time spent in this place.
 C = Inter-level travel time spent in this place.
 D = Time resting spent in this place.
 E = Time spent auto-exploring this place.
 F = Levels seen in this place.
 G = Mean time per level.
                   A        B        C        D        E       F      G
               +--------+--------+--------+--------+--------+-----+--------+
         Total |  11941 |  11656 |    285 |   2202 |   8165 |  10 | 1194.1 |
       Dungeon |  10496 |  10222 |    274 |   1554 |   7717 |   8 | 1312.0 |
        Temple |    122 |    111 |     11 |      0 |     51 |   1 |  122.0 |
       Ossuary |   1322 |   1322 |      0 |    648 |    397 |   1 | 1322.0 |
               +--------+--------+--------+--------+--------+-----+--------+

Top non-repeatable levels by time:
     D:1: 2267 daAuts
     D:7: 1683 daAuts
     D:4: 1460 daAuts
     D:3: 1378 daAuts
 Ossuary: 1322 daAuts
     D:5: 1251 daAuts
     D:2: 1171 daAuts
     D:6: 737 daAuts
     D:8: 546 daAuts
  Temple: 122 daAuts
